 Dungeon Crawl Stone Soup version 0.27-a0-760-gc38aae387d (webtiles) character file.

Game seed: 5861608555319192647

96 polve the Chopper (level 4, -7/58 HPs)
             Began as a Hill Orc Berserker on Mar 24, 2021.
             Was a Follower of Trog.
             Succumbed to a water moccasin's poison
             ... on level 3 of the Dungeon.
             The game lasted 00:01:26 (3663 turns).

polve the Chopper (Hill Orc Berserker)              Turns: 3663, Time: 00:01:26

Health: -7/58      AC:  2    Str: 19    XL:     4   Next: 67%
Magic:  4/4        EV: 12    Int:  7    God:    Trog [*.....]
Gold:   59         SH:  0    Dex: 11    Spells: 3/3 levels left

rFire    . . .     SeeInvis .   a - +0 hand axe
rCold    . . .     Faith    .   (no shield)
rNeg     . . .     Spirit   .   b - +0 animal skin
rPois    .         Reflect  .   (no helmet)
rElec    .         Harm     .   (no cloak)
rCorr    .         Rampage  .   (no gloves)
Will     .....                  (no boots)
Stlth    ..........             (no amulet)
HPRegen  0.19/turn              (no ring)
MPRegen  0.09/turn              (no ring)

@: berserking, lethally poisoned (-7 -> -27), very quick
A: no striking features
a: Renounce Religion, Berserk


You were on level 3 of the Dungeon.
You worshipped Trog.
Trog was aware of your devotion.
You visited 1 branch of the dungeon, and saw 3 of its levels.

You collected 59 gold pieces.

Inventory:

Hand Weapons
 a - a +0 hand axe (weapon)
Armour
 b - a +0 animal skin (worn)
 d - a +0 cloak
Jewellery
 f - a ring of wizardry
Scrolls
 h - a scroll of blinking {unknown}
 i - 2 scrolls of acquirement {unknown}
Potions
 c - a potion of lignification {unknown}
 e - a potion of haste {unknown}
 g - a potion of flight {unknown}


   Skills:
 - Level 3.6 Fighting
 + Level 7.0 Axes
 - Level 2.1 Armour
 - Level 1.5 Dodging


You had 3 spell levels left.
You didn't know any spells.
Your spell library was empty.

Dungeon Overview and Level Annotations

Branches:
Dungeon (3/15)

Altars:
Ashenzari
Dithmenos
Gozag
Xom
Yredelemnul


Message History

You are too injured to fight recklessly!
You are too injured to fight recklessly!
You are too injured to fight recklessly!
You are too injured to fight recklessly!
You are too injured to fight recklessly!
A red film seems to cover your vision as you go berserk!
You feel yourself moving faster!
You feel mighty! The water moccasin bites you.
You hit the water moccasin.
The water moccasin is moderately wounded.
The water moccasin barely misses you.
You slash the water moccasin!
The water moccasin is almost dead.
The water moccasin bites you!
You miss the water moccasin.
The water moccasin is almost dead.
The water moccasin bites you.
* * * LOW HITPOINT WARNING * * *
You closely miss the water moccasin.
The water moccasin is almost dead.
The water moccasin closely misses you.
You barely miss the water moccasin.
The water moccasin is almost dead.
The water moccasin bites you.
* * * LOW HITPOINT WARNING * * *
You closely miss the water moccasin.
The water moccasin is almost dead.
The water moccasin bites you.
* * * LOW HITPOINT WARNING * * *
You miss the water moccasin.
The water moccasin is almost dead.
You miss the water moccasin.
The water moccasin is almost dead.
The water moccasin bites you!
* * * LOW HITPOINT WARNING * * *
You are lethally poisoned!
The water moccasin poisons you!
You hit the water moccasin.
You kill the water moccasin!
Trog accepts your kill.
You die...

## .# .# ##.# ...# #
#.####..#.# #####
#...†@....# #...####
######.##.... #......#
#...# # ###.##.# #...# #
#.##.# #...# # #....#
#...# ######.# #...#
#......# #...#
#......#########...#####


There were no monsters in sight!

Vanquished Creatures
  A water moccasin (D:3)
  3 gnolls (D:2)
  An adder (D:3)
  2 worms (D:2)
  4 dart slugs
  5 endoplasms
  A giant cockroach (D:3)
  3 goblins (D:2)
  6 hobgoblins
  3 jackals (D:2)
  2 quokkas
  A ball python (D:1)
  4 bats (D:1)
  3 frilled lizards
  2 kobolds
  3 rats
44 creatures vanquished.

Notes
Turn   | Place    | Note
-------+----------+-------------------------------------------
     0 | D:1      | polve the Hill Orc Berserker began the quest for the Orb.
     0 | D:1      | Reached XP level 1. HP: 19/19 MP: 1/1
   209 | D:1      | Reached XP level 2. HP: 3/26 MP: 2/2
   844 | D:1      | Reached skill level 5 in Axes
  1670 | D:1      | Reached XP level 3. HP: 30/31 MP: 3/3
  2163 | D:2      | Reached skill level 6 in Axes
  2338 | D:2      | Reached XP level 4. HP: 4/39 MP: 4/4
  3501 | D:3      | Found a shimmering altar of Xom.
  3503 | D:3      | Found an opulent altar of Gozag.
  3503 | D:3      | Found a broken altar of Ashenzari.
  3505 | D:3      | Found a basalt altar of Yredelemnul.
  3505 | D:3      | Found a shadowy altar of Dithmenos.
  3505 | D:3      | Found a shimmering altar of Xom.
  3640 | D:3      | Reached skill level 7 in Axes
  3650 | D:3      | Noticed a water moccasin
  3663 | D:3      | Killed a water moccasin
  3663 | D:3      | Succumbed to a water moccasin's poison

Illustrated notes

Levels and vault maps discovered:
D:1:      roderic_octagonal_star, layout_loops_corners
D:2:      layout_basic, grunt_ministairs_2
D:3:      kennysheep_big_flooded_room, layout_loops_cross, doesnt_xom_only_xom

Skill      XL: |  1  2  3  4 |
---------------+-------------+-----
Axes           | 5 6 7 |  7.0
Fighting       | |  3.6
Armour         | |  2.1
Dodging        | |  1.5

Action                   |  1- 3 |  4- 6 || total
-------------------------+-------+-------++-------
Melee: Hand axe          |   117 |    53 ||   170
Invok: Berserk           |     2 |     1 ||     3
 Stab: Sleeping          |     2 |       ||     2
Armor: Animal skin       |    16 |     2 ||    18
Dodge: Dodged            |    47 |    31 ||    78

Table legend: (Time is in decaauts)
 A = Elapsed time spent in this place.
 B = Non-inter-level travel time spent in this place.
 C = Inter-level travel time spent in this place.
 D = Time resting spent in this place.
 E = Time spent auto-exploring this place.
 F = Levels seen in this place.
 G = Mean time per level.
                   A        B        C        D        E       F      G
               +--------+--------+--------+--------+--------+-----+--------+
         Total |   3683 |   3636 |     47 |      2 |   3308 |   3 | 1227.7 |
       Dungeon |   3683 |   3636 |     47 |      2 |   3308 |   3 | 1227.7 |
               +--------+--------+--------+--------+--------+-----+--------+

Top non-repeatable levels by time:
     D:1: 2174 daAuts
     D:2: 1252 daAuts
     D:3: 256 daAuts
